 Dungeon Crawl Stone Soup version 0.24.0-1-gfbc8707122 (webtiles) character file.

Game seed: 11472685212736589351, levelgen mode: deterministic

1670 MTVSty1e the Cleaver (level 9, -11/51 HPs)
             Began as a Gargoyle Fighter on Oct 28, 2019.
             Was an Initiate of Okawaru.
             Killed by divine providence
             ... invoked by an orc priest
              (13 damage)
             ... on level 6 of the Dungeon.
             The game lasted 00:05:50 (4937 turns).

MTVSty1e the Cleaver (Gargoyle Fighter)             Turns: 4937, Time: 00:05:51

Health: -11/51     AC: 21    Str: 22    XL:     9   Next: 1%
Magic:  9/9        EV:  7    Int: 10    God:    Okawaru [......]
Gold:   367        SH:  9    Dex:  9    Spells: 8/8 levels left

rFire    . . .     SeeInvis .   a - +1 war axe
rCold    . . .     Gourm    .   c - +0 shield
rNeg     + . .     Faith    .   b - +1 scale mail
rPois    ∞         Spirit   .   (no helmet)
rElec    +         Reflect  .   j - scarf {cloud immunity}
rCorr    .         Harm     .   u - +0 pair of gloves
MR       .....                  t - +0 pair of boots
Stlth    +.........             (no amulet)
HPRegen  0.17/turn              h - ring of stealth
MPRegen  0.11/turn              l - +5 ring of protection

@: no status effects
A: negative energy resistance 1, electricity resistance, unbreathing,
petrification resistance, rot immunity, AC +6
a: Renounce Religion


You were on level 6 of the Dungeon.
You worshipped Okawaru.
Okawaru was noncommittal.
You were not hungry.

You visited 1 branch of the dungeon, and saw 6 of its levels.

You collected 367 gold pieces.

Inventory:

Hand Weapons
 a - a +1 war axe (weapon)
Armour
 b - a +1 scale mail (worn)
 c - a +0 shield (worn)
 j - a scarf of cloud immunity (worn)
 t - a +0 pair of boots (worn)
 u - a +0 pair of gloves (worn)
Jewellery
 h - a ring of stealth (left hand)
 l - a +5 ring of protection (right hand)
 w - the ring of Xom's Amusement {rPois MR+ Stlth+, unknown}
   (You found it on level 5 of the Dungeon)

   [ring of poison resistance]

   It protects you from poison.
   It affects your resistance to hostile enchantments.
   It makes you more stealthy.
Wands
 B - a wand of iceblast (7)
Scrolls
 e - 4 scrolls of remove curse
 g - a scroll of immolation {unknown}
 i - 3 scrolls of fog
 m - a scroll of vulnerability {unknown}
 s - a scroll of enchant weapon
 y - a scroll of enchant armour
 A - a scroll of identify
Potions
 d - a potion of might
 k - 6 potions of curing
 n - 2 potions of mutation {unknown}
 o - a potion of ambrosia
 p - a potion of brilliance
 q - 2 potions of magic
 r - a potion of degeneration {unknown}
 v - 2 potions of flight
 x - a potion of heal wounds
 z - a potion of berserk rage
Comestibles
 f - 11 rations


   Skills:
 - Level 3.2 Fighting
 * Level 10.3 Axes
 - Level 3.2 Armour
 - Level 3.2 Shields


You had 8 spell levels left.
You didn't know any spells.
Your spell library was empty.

Dungeon Overview and Level Annotations

Branches:
Dungeon (6/15)             Temple (0/1) D:6

Altars:
Hepliaklqana
Makhleb
Okawaru
Ru
Vehumet
Wu Jian

Shops:
D:6 (


Innate Abilities, Weirdness & Mutations

You are resistant to torment.
Your stone body is resilient. (AC +6)
You are immune to poison.
You resist negative energy. (rN+)
You are resistant to electric shocks. (rElec)
You can survive without breathing.
You are immune to petrification.
You are immune to rotting.


Message History

You are too injured to fight recklessly!
You are too injured to fight recklessly!
You are too injured to fight recklessly!
You are too injured to fight recklessly!
You are too injured to fight recklessly!
You are too injured to fight recklessly!
You are too injured to fight recklessly!
You are too injured to fight recklessly!
You are too injured to fight recklessly!
You are too injured to fight recklessly!
You hit the orc priest.
The orc priest is moderately wounded.
The orc priest calls down the wrath of Beogh upon you.
Beogh smites you!
* * * LOW HITPOINT WARNING * * *
You slash the orc priest!
The orc priest is almost dead.
The orc priest mumbles some strange prayers to Beogh against you.
Beogh smites you!
You die...

## . ##. #o. #o# #o#
#o# ### #### #@#
#.###... #.# #..##.##
#.# #.##§§≈# #.##
##..##§##
#..#######..##≈>≈#
#.....#.....# #.##
#.#.#.#.....##≈.≈#
##.#.#.#......##.##
###......##.....##...


You could see an orc priest, an orc wizard and 2 orcs.

Vanquished Creatures
  Grinder (D:5)
  A hungry ghost (D:6)
  2 ice beasts (D:5)
  A necrophage (D:6)
  A phantom (D:5)
  A centaur (D:6)
  Blork the orc (D:5)
  A bullfrog (D:6)
  A wyvern zombie (D:6)
  A scorpion (D:6)
  A howler monkey (D:6)
  2 crimson imps
  A jelly (D:6)
  2 hounds
  2 orc priests (D:4)
  2 orc wizards
  4 worker ants
  2 hound zombies
  2 hound skeletons
  A howler monkey zombie (D:5)
  8 adders
  A shadow imp (D:4)
  2 oozes
  2 adder skeletons
  2 worms
  3 dart slugs
  4 leopard geckos
  16 orcs
  2 ball pythons
  6 bats
  2 giant cockroaches
  8 goblins
  13 hobgoblins
  3 jackals (D:5)
  A quokka (D:4)
  6 frilled lizards
  6 kobolds
  A quokka skeleton (D:5)
  A quokka zombie (D:5)
  9 rats
126 creatures vanquished.

Vanquished Creatures (others)
  An orc (D:3)
1 creature vanquished.

Grand Total: 127 creatures vanquished

Notes
Turn   | Place    | Note
-------+----------+-------------------------------------------
     0 | D:1      | MTVSty1e the Gargoyle Fighter began the quest for the Orb.
     0 | D:1      | Reached XP level 1. HP: 14/14 MP: 1/1
    41 | D:1      | Reached skill level 2 in Axes
   217 | D:1      | Reached XP level 2. HP: 17/19 MP: 2/2
  1070 | D:2      | Reached skill level 3 in Axes
  1094 | D:2      | Reached XP level 3. HP: 21/23 MP: 3/3
  1241 | D:2      | Found a sacrificial altar of Ru.
  1414 | D:2      | Found a faded altar of an unknown god.
  1585 | D:2      | Reached XP level 4. HP: 21/28 MP: 4/4
  1946 | D:3      | Reached skill level 4 in Axes
  2067 | D:3      | Reached XP level 5. HP: 30/32 MP: 5/5
  2089 | D:3      | Reached skill level 5 in Axes
  2556 | D:4      | Reached XP level 6. HP: 20/37 MP: 6/6
  2881 | D:4      | Reached skill level 6 in Axes
  3331 | D:5      | Entered Level 5 of the Dungeon
  3351 | D:5      | Noticed an ice beast
  3363 | D:5      | Killed an ice beast
  3363 | D:5      | Reached XP level 7. HP: 41/41 MP: 7/7
  3375 | D:5      | Reached skill level 7 in Axes
  3618 | D:5      | Noticed Grinder
  3622 | D:5      | Paralysed by Grinder for 2 turns
  3625 | D:5      | Paralysed by Grinder for 6 turns
  3649 | D:5      | Paralysed by Grinder for 2 turns
  3654 | D:5      | Killed Grinder
  3654 | D:5      | Reached skill level 8 in Axes
  3654 | D:5      | Reached XP level 8. HP: 31/46 MP: 8/8
  3797 | D:5      | Noticed Blork the orc
  3805 | D:5      | Killed Blork the orc
  3858 | D:5      | Got a heavily runed pewter ring
  4089 | D:6      | Reached skill level 9 in Axes
  4355 | D:6      | Found an iron altar of Okawaru.
  4467 | D:6      | Found Qop Desh's Antique Weapon Shop.
  4502 | D:6      | Became a worshipper of Warmaster Okawaru
  4708 | D:6      | Reached skill level 10 in Axes
  4759 | D:6      | Found a hazy altar of Hepliaklqana.
  4759 | D:6      | Found a radiant altar of Vehumet.
  4783 | D:6      | Reached XP level 9. HP: 50/51 MP: 9/9
  4842 | D:6      | Found a staircase to the Ecumenical Temple.
  4914 | D:6      | Found a burning altar of Makhleb.
  4914 | D:6      | Found an ornate altar of the Wu Jian Council.
  4936 | D:6      | HP: 1/51 [orc priest/divine providence (14)]
  4937 | D:6      | Killed from afar by an orc priest

Levels and vault maps discovered:
D:1:      dpeg_arrival_long_road, layout_basic, minmay_misc_feat_secret_circle
D:2:      layout_loops_cross, nicolae_ru_the_path_less_chosen,
          chequers_ecumenical_altar_simple_redux, minmay_misc_feat_columns
D:3:      layout_rooms, chequers_jeans
D:4:      layout_loops_ring, first_ration
D:5:      layout_rooms, uniq_blork_the_orc, uniq_grinder
D:6:      layout_basic, grunt_temple_overflow_open, led_sif_pool,
          minmay_temple_entry_metal_lava, basic_altar, serial_shops, shop

Skill      XL: |  1  2  3  4  5  6  7  8 |
---------------+-------------------------+-----
Axes           | 2 3 4 5 6 8 10 | 10.3
Fighting       | |  3.2
Armour         | |  3.2
Shields        | |  3.2

Action                   |  1- 3 |  4- 6 |  7- 9 || total
-------------------------+-------+-------+-------++-------
Melee: War axe           |   136 |   172 |   161 ||   469
  Use: Scroll            |       |    14 |     2 ||    16
       Potion            |       |       |     1 ||     1
  Eat: Chunk             |     2 |     2 |       ||     4
       Ration            |       |     2 |     2 ||     4
Armor: Scale mail        |    80 |   128 |   108 ||   316
Dodge: Dodged            |    38 |    73 |    44 ||   155
Block: Shield            |    92 |   118 |    64 ||   274
